 Dungeon Crawl Stone Soup version 0.25.0-46-gbd7b0854d2 (webtiles) character file.

Game seed: 2037681854279881578

71 protoss039 the Sneak (level 4, 0/30 HPs)
             Began as a Vampire Enchanter on July 14, 2020.
             Killed by divine providence
             ... invoked by an orc priest
              (14 damage)
             ... on level 3 of the Dungeon.
             The game lasted 00:07:35 (1930 turns).

protoss039 the Sneak (Vampire Enchanter)            Turns: 1930, Time: 00:07:35

Health: 0/30       AC:  2    Str:  7    XL:     4   Next: 5%
Magic:  7/7        EV: 13    Int: 17    God:
Gold:   96         SH:  0    Dex: 15    Spells: 5/8 levels left

rFire    . . .     SeeInvis +   a - +1 dagger
rCold    . . .     Gourm    .   (no shield)
rNeg     . . .     Faith    .   b - +0 robe
rPois    .         Spirit   .   (no helmet)
rElec    .         Reflect  .   (no cloak)
rCorr    .         Harm     .   (no gloves)
MR       .....                  (no boots)
Stlth    +++.......             n - amulet of magic regeneration
HPRegen  0.30/turn              (no ring)
MPRegen  0.35/turn              (no ring)

@: lethally poisoned (0 -> -1), regenerating quickly
A: no food, fangs 3, see invisible, unbreathing
a: Exsanguinate


You were on level 3 of the Dungeon.
You were alive.

You visited 1 branch of the dungeon, and saw 3 of its levels.

You collected 96 gold pieces.

Inventory:

Hand Weapons
 a - a +1 dagger (weapon)
Armour
 b - a +0 robe (worn)
 q - a +0 buckler
Jewellery
 n - an amulet of magic regeneration (around neck)
Scrolls
 c - a scroll of remove curse {unknown}
 d - 4 scrolls of identify {unknown}
 i - a scroll of fear {unknown}
 l - a scroll of teleportation {unknown}
 m - a scroll of random uselessness {unknown}
 p - 2 scrolls of magic mapping {unknown}
Potions
 e - 2 potions of heal wounds {unknown}
 f - a potion of brilliance {unknown}
 g - a potion of might {unknown}
 h - a potion of stabbing {unknown}
 j - a potion of curing {unknown}
 k - a potion of mutation {unknown}
 o - a potion of invisibility {unknown}


   Skills:
 + Level 1.4 Short Blades
 + Level 2.6 Dodging
 + Level 5.3 Stealth
 * Level 0.2 Shields
 + Level 2.5 Spellcasting
 + Level 5.2 Hexes
 * Level 0.4 Ice Magic


You had 5 spell levels left.
You knew the following spells:

 Your Spells              Type           Power        Failure   Level  Hunger
a - Corona                Hex            ###....      1%          1    N/A
b - Ensorcelled Hibernat  Hex/Ice        ##....       9%          2    N/A

Your spell library contained the following spells:

 Spells                   Type           Power        Failure   Level  Hunger
 Confusing Touch          Hex            ###.....     6%          3    N/A
 Tukima's Dance           Hex            ###.....     6%          3    N/A
 Dazzling Flash           Conj/Hex       ##....       19%         3    N/A

Dungeon Overview and Level Annotations

Branches:
Dungeon (3/15)

Altars:
Elyvilon
Makhleb


Innate Abilities, Weirdness & Mutations

You do not eat.
Your natural rate of healing is unusually fast.
You have razor-sharp teeth.
You have supernaturally acute eyesight. (SInv)
You can survive without breathing.


Message History

Unknown command.
You feel sick.
Unknown command.
Unknown command.
You feel sick.
You feel sick.
The orc throws a poisoned dart.
The poisoned dart closely misses you.
You see here a poisoned dart.
You feel sick.
You feel sick.
You feel sick.
The orc priest calls down the wrath of Beogh upon you.
Beogh smites you!
You feel sick.
You feel sick.
You feel sick.
Okay, then.
The orc priest invokes the aid of Beogh against you.
Beogh smites you!
You die...

#.........#.## #.# #..##
#..######.#.# #.# ##.o.
...# #.#.# ######.# ###.
##.# ####.#.# #.o..o.# #.
##.# #......# #.####.# ##
##.# #.##.### #.####.## #
.#.# #.##.# #o....... .
.<.###.##.# #..##..># ..
.....(....## #@.# ....
...
...........#####..##.....
....
........>................
'....
....##.#...#####........
##.... ....##.##..#
##.###... ..#.##..##.#
... .. .##.###.##.# ####
. ###........# #
#####.####


You could see an orc priest and an orc.

Vanquished Creatures
  An adder (D:2)
  A gnoll (D:1)
  A worm (D:2)
  3 leopard geckos
  2 orcs (D:3)
  9 bats (D:2)
  A giant cockroach (D:2)
  A goblin (D:1)
  5 hobgoblins
  3 jackals (D:2)
  2 quokkas (D:2)
  2 ball pythons
  A frilled lizard (D:1)
  4 kobolds
  6 rats
42 creatures vanquished.

Notes
Turn   | Place    | Note
-------+----------+-------------------------------------------
     0 | D:1      | protoss039 the Vampire Enchanter began the quest for the
                  | Orb.
     0 | D:1      | Reached XP level 1. HP: 13/13 MP: 3/3
   172 | D:1      | Reached XP level 2. HP: 14/19 MP: 5/5
   647 | D:2      | Reached skill level 5 in Hexes
   665 | D:2      | Reached skill level 5 in Stealth
   875 | D:1      | Learned a level 2 spell: Ensorcelled Hibernation
   906 | D:2      | Reached XP level 3. HP: 24/24 MP: 6/6
  1743 | D:3      | Found a burning altar of Makhleb.
  1745 | D:3      | Found a white marble altar of Elyvilon.
  1761 | D:3      | Reached XP level 4. HP: 30/30 MP: 2/7
  1930 | D:3      | Killed from afar by an orc priest

Illustrated notes

Levels and vault maps discovered:
D:1:      minmay_arrival_plants_in_alcoves, layout_loops_cross,
          minmay_misc_feat_plants, minmay_misc_feat_columns
D:2:      layout_loops_ring
D:3:      layout_loops_corners, marbit_many_paths,
          nicolae_overflow_hidden_temple

Skill      XL: |  1  2 |
---------------+-------+-----
Hexes          | 5 |  5.2
Stealth        | 5 |  5.3
Short Blades   | |  1.4
Dodging        | |  2.6
Shields        | |  0.2
Spellcasting   | |  2.5
Ice Magic      | |  0.4

Action                   |  1- 3 |  4- 6 || total
-------------------------+-------+-------++-------
Melee: Dagger            |   142 |     1 ||   143
       Bite              |    12 |       ||    12
 Cast: Corona            |    23 |       ||    23
       Ensorcelled Hiber |    15 |     3 ||    18
 Stab: Sleeping          |    26 |     1 ||    27
Armor: Robe              |    26 |       ||    26
Dodge: Dodged            |    99 |     6 ||   105
